 Dungeon Sprint DCSS version 0.28-a0-938-gbc3f381ebc (webtiles) character file.

Game seed: 16722197404836690384

5600000 ytrimaz the Intangible (level 24, -84/272 HPs)
             Began as a Demonspawn Gladiator on Nov 30, 2021.
             Was the Champion of Makhleb.
             Annihilated by The Servant (116 damage)
             ... in the Dungeon (Sprint VIII: "Arena of Blood").
             The game lasted 00:01:57 (56 turns).

ytrimaz the Intangible (Demonspawn Gladiator)         Turns: 56, Time: 00:01:57

Health: -84/272    AC: 11    Str: 23    XL:     24   Next: 49%
Magic:  0/42       EV: 28    Int: 12    God:    Makhleb [******]
Gold:   0          SH:  0    Dex: 16    Spells: 53/53 levels left

rFire   . . .      SeeInvis .   j - +∞ Axe of Woe
rCold   . . .      Faith    .   (shield currently unavailable)
rNeg    . . .      Spirit   +   a - +0 leather armour
rPois   .          Reflect  .   b - +0 helmet
rElec   .          Harm     .   (no cloak)
rCorr   .          Rampage  .   (no gloves)
Will    +....      NoTele   +   (boots unavailable)
Stlth   +++++++++.              (no amulet)
HPRegen 0.55/turn               (no ring)
MPRegen 0.56/turn               (no ring)

@: no status effects
A: hooves 3, thin metallic scales 2, robust 2, magic shield, magic regeneration,
magic link, demonic magic 3
a: Renounce Religion, Minor Destruction, Lesser Servant of Makhleb, Major
Destruction, Greater Servant of Makhleb


You were in the Dungeon.
You worshipped Makhleb.
Makhleb was exalted by your worship.
You visited 1 branch

Inventory:

Hand Weapons
 j - the +∞ Axe of Woe (weapon)
   (You found it in the Dungeon)
Missiles
 c - 3 throwing nets (quivered)
Armour
 a - a +0 leather armour (worn)
 b - a +0 helmet (worn)
Scrolls
 i - a scroll of blinking
Potions
 d - a potion of curing
 e - a potion of heal wounds
 f - a potion of haste
 g - 2 potions of magic
 h - a potion of berserk rage


   Skills:
 O Level 27 Fighting
 + Level 15.1(17.6) Short Blades
 + Level 15.1(17.6) Long Blades
 O Level 27 Axes
 + Level 15.1(24.2) Maces & Flails
 + Level 15.1(24.2) Polearms
 + Level 15.1(19.8) Staves
 + Level 15.1(22.7) Slings
 + Level 15.1 Bows
 + Level 15.1 Crossbows
 O Level 27 Throwing
 O Level 27 Armour
 O Level 27 Dodging
 O Level 27 Stealth
 + Level 15.1 Shields
 O Level 27 Unarmed Combat
 + Level 15.1 Spellcasting
 + Level 16.4 Conjurations
 + Level 18.1 Hexes
 + Level 16.3 Summonings
 + Level 17.7 Necromancy
 + Level 15.1 Translocations
 + Level 15.1 Transmutations
 + Level 16.2 Fire Magic
 + Level 16.2 Ice Magic
 + Level 16.2 Air Magic
 + Level 16.2 Earth Magic
 + Level 18.1 Poison Magic
 + Level 22.8 Invocations
 + Level 18.1 Evocations


You had 53 spell levels left.
You didn't know any spells.
Your spell library was empty.

Dungeon Overview and Level Annotations

Branches:
Dungeon (1/1)

Altars:
Makhleb

Annotations:
D The Servant


Innate Abilities, Weirdness & Mutations

You have hooves in place of feet.
You are mostly covered in thin metallic scales. (AC +3)
You are very robust. (+20% HP)
When hurt, damage is shared between your health and your magic reserves.
You regenerate magic rapidly.
When low on magic, you restore magic in place of health.
Spells you cast and wands you use may paralyse nearby enemies.


Message History

* * * LOW HITPOINT WARNING * * *
The large bag of meat shouts in stereo!
Things that are here:
a +9 war axe; a +30 ring of slaying; a bag of meat corpse Unknown command.
Unknown command.
The large bag of meat shouts in stereo!
You hit the bag of meat.
You dissect the bag of meat like a pig carcass.
You kill the bag of meat!
Makhleb accepts your kill.
You feel better.
You hear a shout! x5
The accursed points at you and mumbles some strange words.
Something smites you!
* * * LOW HITPOINT WARNING * * *
You hear a shout! x3
Unknown command.
Unknown command.
Unknown command.
You hear a shout! x4
The Servant hits you from afar with a +9 glaive of flaming!!!
* * * LOW HITPOINT WARNING * * *
The Servant burns you.
* * * LOW HITPOINT WARNING * * *
You hear a shout! x2
A meat berserker comes into view. It is wielding a +9 battleaxe.
The accursed casts a spell at you. Something smites you!
* * * LOW HITPOINT WARNING * * *
The meat berserker rages.
You hear a shout! x5
Items here: )) ==.
You slash the meat berserker!
You fatally mangle the meat berserker.
You kill the meat berserker!
Makhleb accepts your kill.
You feel better.
The meat berserker rages.
The Servant hits you from afar with a +9 glaive of flaming!!!!
You die...

#.O.............
..#...)))........
.......))))M......
.......)))))......
.......#)°))...#..
.#.....#.☼)○...#
.....###)).○...###.
......o)))###......
.#...O)@.._..M....
#.O...).#.....#....
......@.#_.<._#....
#.oO....#.....# ..
..#........_.....
.oO.......###......
....M###... ..###.
..... #... ..# #..
..#


You could see 3 accurseds, The Servant, 2 large bags of meat, 2 meat berserkers
and 3 bags of meat.

Vanquished Creatures
  6 vampire knights (D)
  17 ogres (D)
  4 two-headed ogres (D)
  53 orcs (D)
  2 skeletal warriors (D)
82 creatures vanquished.

Notes
Turn   | Place    | Note
-------+----------+-------------------------------------------
     0 | D        | Found the +∞ Axe of Woe
     0 | D        | ytrimaz the Demonspawn Gladiator began the quest for the
                  | Orb.
     0 | D        | Reached XP level 1. HP: 16/16 MP: 1/1
     3 | D        | Became a worshipper of Makhleb the Destroyer
     4 | D        | Noticed a meat berserker
     5 | D        | Noticed a meat berserker
     7 | D        | Noticed a bag of meat
     8 | D        | Noticed a bag of meat
     8 | D        | Noticed a bag of meat
     8 | D        | Noticed a bag of meat
     8 | D        | Noticed a bag of meat
     8 | D        | Noticed a meat berserker
     8 | D        | Noticed a meat berserker
     9 | D        | Noticed a meat berserker
    10 | D        | Killed a meat berserker
    10 | D        | Killed a meat berserker
    10 | D        | Reached * piety under Makhleb
    10 | D        | Noticed a bag of meat
    10 | D        | Noticed a bag of meat
    10 | D        | Noticed a bag of meat
    11 | D        | Gained mutation: You have large cloven feet. [demonic
                  | ancestry]
    11 | D        | Reached XP level 2. HP: 38/38 MP: 2/2
    11 | D        | Gained mutation: Spells you cast may paralyse adjacent
                  | enemies. [demonic ancestry]
    11 | D        | Reached XP level 3. HP: 44/44 MP: 3/3
    11 | D        | Gained mutation: Spells you cast may paralyse nearby
                  | enemies. [demonic ancestry]
    11 | D        | Reached XP level 4. HP: 51/51 MP: 4/4
    11 | D        | Reached XP level 5. HP: 57/57 MP: 5/5
    11 | D        | Gained mutation: You are partially covered in thin metallic
                  | scales. (AC +2) [demonic ancestry]
    11 | D        | Reached XP level 6. HP: 64/64 MP: 6/6
    11 | D        | Gained mutation: You regenerate magic rapidly. [demonic
                  | ancestry]
    11 | D        | Reached XP level 7. HP: 70/70 MP: 7/7
    11 | D        | Reached XP level 8. HP: 76/76 MP: 8/8
    11 | D        | Gained mutation: You are mostly covered in thin metallic
                  | scales. (AC +3) [demonic ancestry]
    11 | D        | Reached XP level 9. HP: 82/82 MP: 9/9
    11 | D        | Reached XP level 10. HP: 89/89 MP: 10/10
    11 | D        | Reached XP level 11. HP: 95/95 MP: 11/11
    11 | D        | Reached XP level 12. HP: 102/102 MP: 12/12
    11 | D        | Gained mutation: Spells you cast and wands you use may
                  | paralyse nearby enemies. [demonic ancestry]
    11 | D        | Reached XP level 13. HP: 108/108 MP: 13/13
    11 | D        | Noticed a bag of meat
    11 | D        | Noticed a bag of meat
    11 | D        | Noticed a bag of meat
    11 | D        | Noticed a bag of meat
    12 | D        | Noticed a bag of meat
    12 | D        | Killed a meat berserker
    12 | D        | Killed a meat berserker
    12 | D        | Killed a bag of meat
    12 | D        | Reached ** piety under Makhleb
    13 | D        | Reached skill level 15 in Fighting
    13 | D        | Reached XP level 14. HP: 91/123 MP: 14/14
    13 | D        | Killed a bag of meat
    13 | D        | Killed a meat berserker
    13 | D        | Killed a bag of meat
    13 | D        | Reached *** piety under Makhleb
    13 | D        | Noticed a meat berserker
    14 | D        | Reached XP level 15. HP: 100/134 MP: 15/15
    14 | D        | Noticed a meat berserker
    14 | D        | Noticed a meat berserker
    15 | D        | Noticed a meat berserker
    16 | D        | Killed a meat berserker
    16 | D        | Reached **** piety under Makhleb
    17 | D        | Reached skill level 15 in Throwing
    17 | D        | Reached XP level 16. HP: 146/146 MP: 16/16
    17 | D        | Noticed a large bag of meat
    17 | D        | Noticed a meat berserker
    17 | D        | Reached ***** piety under Makhleb
    17 | D        | Noticed a destroyer
    18 | D        | Reached skill level 27 in Dodging
    18 | D        | Reached skill level 27 in Unarmed Combat
    18 | D        | Killed a meat berserker
    18 | D        | Killed a meat berserker
    19 | D        | Gained mutation: You have hoof-like feet. [demonic
                  | ancestry]
    19 | D        | Reached XP level 17. HP: 166/166 MP: 17/17
    20 | D        | Reached skill level 27 in Axes
    20 | D        | Noticed a large bag of meat
    21 | D        | Reached skill level 27 in Fighting
    21 | D        | Gained mutation: When hurt, damage is shared between your
                  | health and your magic reserves. [demonic ancestry]
    21 | D        | Reached XP level 18. HP: 182/182 MP: 18/18
    21 | D        | Killed a meat berserker
    21 | D        | Reached ****** piety under Makhleb
    22 | D        | Killed a meat berserker
    23 | D        | Reached skill level 27 in Throwing
    24 | D        | Reached XP level 19. HP: 189/189 MP: 19/19
    25 | D        | Noticed a destroyer
    25 | D        | Noticed a meat berserker
    26 | D        | Killed a large bag of meat
    26 | D        | Noticed a meat berserker
    27 | D        | Reached skill level 27 in Armour
    27 | D        | Noticed a meat berserker
    28 | D        | Reached skill level 5 in Short Blades
    28 | D        | Reached skill level 5 in Long Blades
    28 | D        | Reached skill level 5 in Maces & Flails
    28 | D        | Reached skill level 5 in Polearms
    28 | D        | Reached skill level 5 in Staves
    28 | D        | Reached skill level 5 in Slings
    28 | D        | Reached skill level 5 in Bows
    28 | D        | Reached skill level 5 in Crossbows
    28 | D        | Reached skill level 5 in Stealth
    28 | D        | Reached skill level 5 in Shields
    28 | D        | Reached skill level 5 in Spellcasting
    28 | D        | Reached skill level 5 in Conjurations
    28 | D        | Reached skill level 5 in Summonings
    28 | D        | Reached skill level 5 in Translocations
    28 | D        | Reached skill level 5 in Transmutations
    28 | D        | Reached skill level 5 in Fire Magic
    28 | D        | Reached skill level 5 in Ice Magic
    28 | D        | Reached skill level 5 in Air Magic
    28 | D        | Reached skill level 5 in Earth Magic
    28 | D        | Gained mutation: When low on magic, you restore magic in
                  | place of health. [demonic ancestry]
    28 | D        | Reached XP level 20. HP: 197/197 MP: 9/27
    28 | D        | Noticed a meat berserker
    29 | D        | Noticed a large bag of meat
    30 | D        | Killed a destroyer
    30 | D        | Noticed a large bag of meat
    31 | D        | Killed a meat berserker
    31 | D        | Killed a meat berserker
    32 | D        | Killed a meat berserker
    32 | D        | Killed a large bag of meat
    33 | D        | Reached skill level 10 in Hexes
    33 | D        | Reached skill level 10 in Necromancy
    33 | D        | Reached skill level 10 in Poison Magic
    33 | D        | Reached skill level 10 in Evocations
    33 | D        | Gained mutation: You have hooves in place of feet. [demonic
                  | ancestry]
    33 | D        | Reached XP level 21. HP: 177/204 MP: 8/33
    33 | D        | Noticed a destroyer
    36 | D        | Killed a destroyer
    37 | D        | Reached skill level 27 in Stealth
    38 | D        | Reached skill level 10 in Short Blades
    38 | D        | Reached skill level 10 in Long Blades
    38 | D        | Reached skill level 10 in Maces & Flails
    38 | D        | Reached skill level 10 in Polearms
    38 | D        | Reached skill level 10 in Staves
    38 | D        | Reached skill level 10 in Slings
    38 | D        | Reached skill level 10 in Bows
    38 | D        | Reached skill level 10 in Crossbows
    38 | D        | Reached skill level 10 in Shields
    38 | D        | Reached skill level 10 in Spellcasting
    38 | D        | Reached skill level 10 in Conjurations
    38 | D        | Reached skill level 10 in Summonings
    38 | D        | Reached skill level 10 in Translocations
    38 | D        | Reached skill level 10 in Transmutations
    38 | D        | Reached skill level 10 in Fire Magic
    38 | D        | Reached skill level 10 in Ice Magic
    38 | D        | Reached skill level 10 in Air Magic
    38 | D        | Reached skill level 10 in Earth Magic
    38 | D        | Reached skill level 15 in Invocations
    38 | D        | Gained mutation: You are robust. (+10% HP) [demonic
                  | ancestry]
    38 | D        | Reached XP level 22. HP: 204/233 MP: 9/36
    38 | D        | Killed a large bag of meat
    39 | D        | Killed a large bag of meat
    40 | D        | Noticed a destroyer
    42 | D        | Noticed a destroyer
    42 | D        | Killed a destroyer
    43 | D        | Gained mutation: You are very robust. (+20% HP) [demonic
                  | ancestry]
    43 | D        | Reached XP level 23. HP: 223/262 MP: 8/39
    43 | D        | Noticed a destroyer
    44 | D        | Killed a destroyer
    45 | D        | Reached skill level 15 in Necromancy
    45 | D        | Noticed an accursed
    46 | D        | Killed a destroyer
    47 | D        | Noticed The Servant
    49 | D        | Reached skill level 15 in Conjurations
    49 | D        | Reached skill level 15 in Summonings
    49 | D        | Reached skill level 15 in Fire Magic
    49 | D        | Reached skill level 15 in Ice Magic
    49 | D        | Reached skill level 15 in Air Magic
    49 | D        | Reached skill level 15 in Earth Magic
    50 | D        | Reached XP level 24. HP: 272/272 MP: 13/41
    50 | D        | Noticed an accursed
    50 | D        | Noticed an accursed
    50 | D        | Killed a destroyer
    53 | D        | Reached skill level 15 in Short Blades
    53 | D        | Reached skill level 15 in Long Blades
    53 | D        | Reached skill level 15 in Maces & Flails
    53 | D        | Reached skill level 15 in Polearms
    53 | D        | Reached skill level 15 in Staves
    53 | D        | Reached skill level 15 in Slings
    53 | D        | Reached skill level 15 in Bows
    53 | D        | Reached skill level 15 in Crossbows
    53 | D        | Reached skill level 15 in Shields
    53 | D        | Reached skill level 15 in Spellcasting
    53 | D        | Reached skill level 15 in Translocations
    53 | D        | Reached skill level 15 in Transmutations
    53 | D        | Noticed a large bag of meat
    53 | D        | Noticed a large bag of meat
    53 | D        | Noticed an accursed
    55 | D        | HP: 6/272 [accursed/divine providence (14)]
    56 | D        | Annihilated by The Servant

Illustrated notes

Levels and vault maps discovered:
D:        meatsprint

Skill      XL: |  1  2  3  4  5  6  7  8  9 10 11 12 13 14 15 16 17 18 19 20 21 22 23 24 |
---------------+-------------------------------------------------------------------------+-----
Fighting       | 12 15 17 19 24 27 | 27.0
Axes           | 8 11 14 17 26 27 | 27.0
Throwing       | 11 12 14 15 17 20 27 | 27.0
Dodging        | 19 23 25 26 27 | 27.0
Unarmed Combat | 19 22 24 26 27 | 27.0
Armour         | 2 6 9 20 27 | 27.0
Short Blades   | 5 8 10 12 14 15 | 15.1
Long Blades    | 5 8 10 12 14 15 | 15.1
Maces & Flails | 5 8 10 12 14 15 | 15.1
Polearms       | 5 8 10 12 14 15 | 15.1
Staves         | 5 8 10 12 14 15 | 15.1
Slings         | 5 8 10 12 14 15 | 15.1
Bows           | 5 8 10 12 14 15 | 15.1
Crossbows      | 5 8 10 12 14 15 | 15.1
Stealth        | 5 9 27 | 27.0
Shields        | 5 8 10 12 14 15 | 15.1
Spellcasting   | 5 8 10 12 14 15 | 15.1
Conjurations   | 5 9 10 13 15 16 | 16.4
Hexes          | 6 10 12 14 17 18 | 18.1
Summonings     | 5 9 10 13 15 16 | 16.3
Necromancy     | 6 10 11 14 16 17 | 17.7
Translocations | 5 8 10 12 14 15 | 15.1
Transmutations | 5 8 10 12 14 15 | 15.1
Fire Magic     | 5 8 10 13 15 16 | 16.2
Ice Magic      | 5 8 10 13 15 16 | 16.2
Air Magic      | 5 8 10 13 15 16 | 16.2
Earth Magic    | 5 8 10 13 15 16 | 16.2
Poison Magic   | 6 10 12 14 17 18 | 18.1
Invocations    | 8 13 15 18 21 22 | 22.8
Evocations     | 6 10 12 14 17 18 | 18.1

Action                   |  1- 3 |  4- 6 |  7- 9 | 10-12 | 13-15 | 16-18 | 19-21 | 22-24 || total
-------------------------+-------+-------+-------+-------+-------+-------+-------+-------++-------
Melee: Executioner's axe |     1 |       |       |       |     3 |     7 |    10 |    14 ||    35
Dodge: Dodged            |       |       |       |       |       |       |       |     1 ||     1

Table legend: (Time is in decaauts)
 A = Elapsed time spent in this place.
 B = Non-inter-level travel time spent in this place.
 C = Inter-level travel time spent in this place.
 D = Time resting spent in this place.
 E = Time spent auto-exploring this place.
 F = Levels seen in this place.
 G = Mean time per level.
                   A        B        C        D        E       F      G
               +--------+--------+--------+--------+--------+-----+--------+
         Total |     48 |     48 |      0 |      0 |      0 |   1 |   48.0 |
       Dungeon |     48 |     48 |      0 |      0 |      0 |   1 |   48.0 |
               +--------+--------+--------+--------+--------+-----+--------+

Top non-repeatable levels by time:
       D: 48 daAuts
